 Dungeon Crawl Stone Soup version 0.30-a0-241-g1121274140 (webtiles) character file.

Game seed: 11845921196918845076

74 Ge0ff the Slasher (level 4, -1/55 HPs)
             Began as a Draconian Reaver on Oct 10, 2022.
             Slain by Ijyb
             ... wielding a +7 club
              (3 damage)
             ... on level 3 of the Dungeon.
             The game lasted 00:06:55 (2363 turns).

Ge0ff the Slasher (Draconian Reaver)                Turns: 2363, Time: 00:06:55

Health: -1/55      AC: 22    Str: 15    XL:     4   Next: 10%
Magic:  7/7        EV:  2    Int: 13    God:
Gold:   76         SH:  0    Dex: 11    Spells: 6/7 levels left

rFire   + + .      SeeInvis .    a - +1 falchion
rCold   + . .      Faith    .    (no shield)
rNeg    . . .      Spirit   .    (body armour unavailable)
rPois   +          Reflect  .    (helmet currently unavailable)
rElec   +          Harm     .    (cloak currently unavailable)
rCorr   +          Rampage  .    (gloves currently unavailable)
Will    .....      NoTele   +    (boots currently unavailable)
Stlth   +.........               W - amulet of magic regeneration
HPRegen 0.29/turn                j - ring of protection from fire
MPRegen 0.50/turn                (no ring)

@: mighty, tree-form, resistant
A: stationary, stasis, torment immunity, boosted hp, AC +5, unfitting armour,
(cold-blooded)
a: no special abilities


You were on level 3 of the Dungeon.
You were a tree.
You visited 1 branch of the dungeon, and saw 3 of its levels.

You collected 76 gold pieces.

Inventory:

Hand Weapons
 a - a +1 falchion (weapon)
Missiles
 b - 10 poisoned darts
 c - 14 stones (quivered)
 e - 4 silver javelins
Jewellery
 j - a ring of protection from fire (left branch)
 W - an amulet of magic regeneration (around neck)
Scrolls
 E - a scroll of fear
 T - a scroll of teleportation
Potions
 z - 2 potions of brilliance
 I - a potion of invisibility
 L - a potion of lignification
 U - a potion of degeneration {unknown}
 X - a potion of heal wounds {unknown}
 Z - a potion of attraction {unknown}


   Skills:
 + Level 2.8 Fighting
 - Level 4.0 Long Blades
 - Level 1.0 Throwing
 - Level 2.0 Dodging
 - Level 1.0 Stealth
 - Level 2.0 Spellcasting
 - Level 3.0 Conjurations
 - Level 1.0 Necromancy


You had 6 spell levels left.
You knew the following spells:

 Your Spells              Type           Power      Damage    Failure   Level
a - Kiss of Death         Conj/Necr      24%        2d7       11%         1

Your spell library contained the following spells:

 Spells                   Type           Power      Damage    Failure   Level
 Momentum Strike          Conj/Tloc      10%        3d8       21%         2
 Hailstorm                Conj/Ice       5%         3d4       38%         3


Dungeon Overview and Level Annotations

Branches:
Dungeon (3/15) Zot: 15605

Altars:
Dithmenos
Hepliaklqana
Okawaru
Qazlal
Trog

Annotations:
D:3 Ijyb


Innate Abilities, Weirdness & Mutations

You are a tree.
Your roots penetrate the ground, keeping you stationary.
You cannot be teleported.
You are immune to unholy pain and torment.
Your maximum health is greatly increased.
Your equipment is partially melded.
((Your plain brown scales are hard. (AC +5)))
You cannot fit into any form of body armour.
((You are cold-blooded and may be slowed by cold attacks.))


Message History

You hit Ijyb.
Your tail-slap misses Ijyb.
Ijyb is moderately wounded.
Ijyb grins evilly.
Ijyb zaps a wand.
You suddenly lose the ability to move!
Ijyb hits you with a +7 club.
You can move again.
You hit Ijyb but do no damage.
Ijyb is moderately wounded.
Ijyb hits you with a +7 club!
Unknown command.
You hit Ijyb. You tail-slap Ijyb.
Ijyb is severely wounded.
Ijyb hits you with a +7 club!
* * * LOW HITPOINT WARNING * * *
You hit Ijyb but do no damage.
Your tail-slap misses Ijyb.
Ijyb is severely wounded.
Ijyb zaps a wand.
You shrug off the repeated paralysis!
Ijyb hits you with a +7 club.
* * * LOW HITPOINT WARNING * * *
Really quaff the potion of lignification?
You turn into a tree.
Your roots penetrate the ground.
Ijyb hits you but does no damage.
You closely miss Ijyb.
Ijyb is severely wounded.
Ijyb hits you but does no damage.
You hit Ijyb but do no damage.
Ijyb is severely wounded.
Ijyb hits you but does no damage.
You hit Ijyb.
Ijyb is severely wounded.
Ijyb zaps a wand.
You suddenly lose the ability to move!
Ijyb hits you but does no damage. Ijyb hits you but does no damage.
Ijyb barely misses you. Ijyb hits you with a +7 club!
* * * LOW HITPOINT WARNING * * *
You can move again.
Unknown command.
It was a potion of magic.
Magic courses through your body. Ijyb hits you but does no damage.
It was a potion of might.
You feel very mighty all of a sudden. Ijyb hits you with a +7 club.
* * * LOW HITPOINT WARNING * * *
It was a potion of resistance.
You feel protected. Ijyb hits you with a +7 club.
You die...

#...†...#####...##
#..#### #########
#...# #.## # #..##
##.# # #..# ###..#
# ###.###...## #
#######.......###
#.......).).###
#.....g..##.#
#>.<.♣...##.# ###
#.)......##.# #..
#)......###.##
##.# #.......#
#..# #..#
#.......# ##.#
##.## #.......#
#g# #..##
#....#### #.#
###.##. #.####
##.###...##. #.
#........)..


You could see Ijyb.

Vanquished Creatures
  4 worms (D:2)
  4 endoplasms
  2 giant cockroaches (D:2)
  4 goblins
  2 hobgoblins (D:2)
  18 jackals
  2 quokkas
  7 ball pythons
  3 bats
  5 kobolds
  4 rats
55 creatures vanquished.

Notes
Turn   | Place    | Note
-------+----------+-------------------------------------------
     0 | D:1      | Ge0ff the Draconian Reaver began the quest for the Orb.
     0 | D:1      | Reached XP level 1. HP: 17/17 MP: 3/3
   106 | D:1      | Reached skill level 1 in Necromancy
   368 | D:1      | Reached XP level 2. HP: 22/24 MP: 5/5
   435 | D:1      | Reached skill level 1 in Throwing
   840 | D:2      | Reached skill level 1 in Stealth
   840 | D:2      | Reached XP level 3. HP: 24/29 MP: 6/6
  1434 | D:2      | Reached skill level 4 in Long Blades
  1693 | D:2      | Reached XP level 4. HP: 35/37 MP: 7/7
  2160 | D:3      | Found an iron altar of Okawaru.
  2164 | D:3      | Found a shadowy altar of Dithmenos.
  2164 | D:3      | Found a hazy altar of Hepliaklqana.
  2164 | D:3      | Found a bloodstained altar of Trog.
  2193 | D:3      | Found a stormy altar of Qazlal.
  2322 | D:3      | Noticed Ijyb
  2335 | D:3      | Paralysed by Ijyb for 3 turns
  2348 | D:3      | Paralysed by Ijyb for 2 turns
  2356 | D:3      | Paralysed by Ijyb for 5 turns
  2362 | D:3      | HP: 2/55 [Ijyb/+7 club (3)]
  2363 | D:3      | Slain by Ijyb

Illustrated notes

Levels and vault maps discovered:
D:1:      lordsloth_arrival_two_stooges, layout_loops_ring
D:2:      layout_loops_corners, dk_vineyard_3
D:3:      layout_rooms, mainiacjoe_overflow_brackets,
          grunt_temple_overflow_open, amcnicky_mini_corridor_feature, uniq_ijyb

Skill      XL: |  1  2  3 |
---------------+----------+-----
Necromancy     | 1 |  1.0
Throwing       | 1 |  1.0
Stealth        | 1 |  1.0
Long Blades    | 4 |  4.0
Dodging        | 2 |  2.0
Fighting       | |  2.8
Spellcasting   | |  2.0
Conjurations   | |  3.0

Action                   |  1- 3 |  4- 6 || total
-------------------------+-------+-------++-------
Melee: Falchion          |   163 |    24 ||   187
       Tailslap          |    13 |     3 ||    16
       Punch             |       |     1 ||     1
Throw: Javelin           |     6 |       ||     6
       Stone             |    16 |       ||    16
  Use: Scroll            |     2 |     5 ||     7
       Potion            |       |     4 ||     4
 Stab: Sleeping          |     3 |     1 ||     4
Armor: Skin              |    58 |    13 ||    71
Dodge: Dodged            |   105 |    10 ||   115

Table legend: (Time is in decaauts)
 A = Elapsed time spent in this place.
 B = Non-inter-level travel time spent in this place.
 C = Inter-level travel time spent in this place.
 D = Time resting spent in this place.
 E = Time spent auto-exploring this place.
 F = Levels seen in this place.
 G = Mean time per level.
                   A        B        C        D        E       F      G
               +--------+--------+--------+--------+--------+-----+--------+
         Total |   2393 |   2366 |     27 |     18 |   1638 |   3 |  797.7 |
       Dungeon |   2393 |   2366 |     27 |     18 |   1638 |   3 |  797.7 |
               +--------+--------+--------+--------+--------+-----+--------+

Top non-repeatable levels by time:
     D:2: 1291 daAuts
     D:1: 779 daAuts
     D:3: 322 daAuts
